 Dungeon Crawl Stone Soup version 0.28-a0-750-g7c675f85b1 (webtiles) character file.

Game seed: 13027966110049181280

45 ytrimaz the Skirmisher (level 3, -5/29 HPs)
             Began as a Demonspawn Berserker on Oct 29, 2021.
             Was a Follower of Trog.
             Killed by an exploding hobgoblin (34 damage)
             ... ignited by their inner flame
             ... on level 1 of the Dungeon.
             The game lasted 00:00:36 (856 turns).

ytrimaz the Skirmisher (Demonspawn Berserker)        Turns: 856, Time: 00:00:37

Health: -5/29      AC:  2    Str: 18    XL:     3   Next: 42%
Magic:  3/3        EV: 14    Int:  8    God:    Trog [*.....]
Gold:   30         SH:  0    Dex: 12    Spells: 2/2 levels left

rFire   . . .      SeeInvis .   a - +0 hand axe
rCold   . . .      Faith    .   (no shield)
rNeg    . . .      Spirit   .   b - +0 animal skin
rPois   .          Reflect  .   (no helmet)
rElec   .          Harm     .   (no cloak)
rCorr   .          Rampage  .   (no gloves)
Will    .....                   (no boots)
Stlth   +.........              (no amulet)
HPRegen 0.09/turn               (no ring)
MPRegen 0.08/turn               (no ring)

@: no status effects
A: repulsion field 1
a: Renounce Religion, Berserk


You were on level 1 of the Dungeon.
You worshipped Trog.
Trog was aware of your devotion.
You visited 1 branch of the dungeon, and saw 1 of its levels.

You collected 30 gold pieces.

Inventory:

Hand Weapons
 a - a +0 hand axe (weapon)
Armour
 b - a +0 animal skin (worn)
Scrolls
 c - a scroll of torment
Potions
 d - a potion of haste {unknown}


   Skills:
 + Level 3.5 Fighting
 + Level 3.4 Axes
 + Level 2.0 Armour
 + Level 2.0 Dodging


You had 2 spell levels left.
You didn't know any spells.
Your spell library was empty.

Dungeon Overview and Level Annotations

Branches:
Dungeon (1/15)

Altars:


Innate Abilities, Weirdness & Mutations

You are surrounded by a mild repulsion field. (EV +2)


Message History

You feel yourself moving faster!
You feel mighty! The gnoll closely misses you.
You slash the gnoll!
You kill the gnoll!
Trog accepts your kill.
Your Armour skill increases to level 2!
You see here a +0 club.
You feel a strong urge to attack something.
The rat closely misses you.
You hit the rat.
You kill the rat!
Trog accepts your kill.
You see here a rat corpse.
You slash the endoplasm!
You kill the endoplasm!
Trog accepts your kill.
You feel a strong urge to attack something.
You are no longer berserk.
You are exhausted.
You feel yourself slow down.
You see here a +0 club.
You feel yourself speed up.
You recover from your berserk rage.
You now have 30 gold pieces (gained 6).
Found 10 sling bullets.
You see here 10 sling bullets.
A hobgoblin comes into view.
A hobgoblin is nearby!
As you read the scroll labelled HENLOS XYESE, it crumbles to dust.
The creatures around you are filled with an inner flame!
It was a scroll of immolation.
Unknown command.
The hobgoblin shouts!
A hobgoblin comes into view.
The hobgoblin shouts!
You hit the hobgoblin. Trog accepts your kill.
The hobgoblin explodes!
The fiery explosion engulfs you!!
Ouch! That really hurt!
You die...

#....#.#.#.######)...#.....#.....
#....#.#.#...........#.....######
.....#.#>............#.....#
######.#.........#####.....#
.####.##...#####.....# .#
#.......)........#
#..###..###.###.## #..###§.....#
#.# ##### #..g§.@.#######.#
^.#8##.......##§#.......#.#
#.#^###########.#..####.#.# ....#
#######.##.####.#.# ..#.#
#........#......#.#
.)#######........##.#####.#
.._..............##..# #.#
..###...#........##..## #.#
..#.#...#........##...# #.#


You could see a hobgoblin.

Vanquished Creatures
  2 gnolls (D:1)
  3 endoplasms (D:1)
  2 goblins (D:1)
  3 hobgoblins (D:1)
  4 jackals (D:1)
  A kobold (D:1)
  3 quokkas (D:1)
  2 ball pythons (D:1)
  A frilled lizard (D:1)
  3 rats (D:1)
24 creatures vanquished.

Notes
Turn   | Place    | Note
-------+----------+-------------------------------------------
     0 | D:1      | ytrimaz the Demonspawn Berserker began the quest for the
                  | Orb.
     0 | D:1      | Reached XP level 1. HP: 18/18 MP: 1/1
   184 | D:1      | Found a faded altar of an unknown god.
   189 | D:1      | Gained mutation: You are surrounded by a mild repulsion
                  | field. (EV +2) [demonic ancestry]
   189 | D:1      | Reached XP level 2. HP: 22/24 MP: 2/2
   453 | D:1      | Reached XP level 3. HP: 23/29 MP: 3/3
   856 | D:1      | Killed by an exploding hobgoblin... ignited by their inner
                  | flame

Illustrated notes

Levels and vault maps discovered:
D:1:      dpeg_arrival_leaves_temple_mockup, layout_basic,
          shapermc_ecumenical_altar_mp_highgroup, st_stairs_14

Skill      XL: |  1  2  3 |
---------------+----------+-----
Axes           | 3 |  3.4
Dodging        | 2 |  2.0
Armour         | 2 |  2.0
Fighting       | |  3.5

Action                   || total
-------------------------++-------
Melee: Hand axe          ||    47
Invok: Berserk           ||     2
  Use: Scroll            ||     2
Armor: Animal skin       ||     5
Dodge: Dodged            ||    44

Table legend: (Time is in decaauts)
 A = Elapsed time spent in this place.
 B = Non-inter-level travel time spent in this place.
 C = Inter-level travel time spent in this place.
 D = Time resting spent in this place.
 E = Time spent auto-exploring this place.
 F = Levels seen in this place.
 G = Mean time per level.
                   A        B        C        D        E       F      G
               +--------+--------+--------+--------+--------+-----+--------+
         Total |    886 |    886 |      0 |      0 |    762 |   1 |  886.0 |
       Dungeon |    886 |    886 |      0 |      0 |    762 |   1 |  886.0 |
               +--------+--------+--------+--------+--------+-----+--------+

Top non-repeatable levels by time:
     D:1: 886 daAuts
